TOP OF THE 1ST |
University of Michigan Wolverines batting - Pitching for Washington State University Cougars : RHP Adam Kelly
|
Pitching: RHP Adam Kelly
|
|
Batting: RHB Cesar Martinez
|
0-0: Ball 1-0: Called Strike 1-1: Fly out, F8 (Flyball, 8RM, EV 80.0 MPH)
|
Batting: RHB Tim Cordle
|
0-0: Ground out 4-3 (Groundball, 4, EV 91.9 MPH)
|
Batting: RHB Artyom Shavkunov
|
0-0: Ball 1-0: Ball 2-0: Called Strike 2-1: Ball 3-1: DOUBLE (Groundball, 5L, EV 101.3 MPH)
|
Batting: RHB Ryan Criollo
|
0-0: Fly out, F9 (Line Drive, 9, EV 91.3 MPH)
|
Top of the 1st over - 0 runs, 1 hit, 0 errors, 1 left on base; University of Michigan 0 - Washington State University 0 |
BOTTOM OF THE 1ST |
Washington State University Cougars batting - Pitching for University of Michigan Wolverines : LHP Shi-yu Lou
|
Pitching: LHP Shi-yu Lou
|
|
Batting: RHB Margh Couch
|
0-0: Bunted foul 0-1: Ground out 5-3 (Groundball, 56S, EV 68.8 MPH)
|
Batting: RHB Nick Deegan
|
0-0: Ball 1-0: Called Strike 1-1: Ball 2-1: Ground out 6-3 (Groundball, 6, EV 83.8 MPH)
|
Batting: SHB Salvador Padilla
|
0-0: Ball 1-0: Ground out 4-3 (Groundball, 4, EV 98.1 MPH)
|
Bottom of the 1st over - 0 runs, 0 hits, 0 errors, 0 left on base; University of Michigan 0 - Washington State University 0 |
TOP OF THE 2ND |
University of Michigan Wolverines batting - Pitching for Washington State University Cougars : RHP Adam Kelly
|
Batting: LHB Yasutoshi Hayashi
|
0-0: Called Strike 0-1: Ground out 4-3 (Groundball, 4, EV 82.5 MPH)
|
Batting: RHB Aaron Barraza
|
0-0: Foul Ball, location: 2F 0-1: Ball 1-1: Ball 2-1: Fly out, F9 (Line Drive, 9, EV 91.3 MPH)
|
Batting: RHB Armando Vilano
|
0-0: Foul Ball, location: 2F 0-1: Swinging Strike 0-2: Foul Ball, location: 2F 0-2: Ball 1-2: Foul Ball, location: 2F 1-2: Ground out 5-3 (Groundball, 5S, EV 80.0 MPH)
|
Top of the 2nd over - 0 runs, 0 hits, 0 errors, 0 left on base; University of Michigan 0 - Washington State University 0 |
BOTTOM OF THE 2ND |
Washington State University Cougars batting - Pitching for University of Michigan Wolverines : LHP Shi-yu Lou
|
Batting: RHB Gebre-Giorgios Wangondu
|
0-0: Called Strike 0-1: Foul Ball, location: 2F 0-2: Fly out, F6 (Popup, P, EV 74.4 MPH)
|
Batting: RHB Makoto Narita
|
0-0: Swinging Strike 0-1: Called Strike 0-2: Ball 1-2: Foul Ball, location: 2F 1-2: Fly out, F6 (Popup, 56D, EV 65.6 MPH)
|
Batting: LHB Mike East
|
0-0: Ball 1-0: Ball 2-0: Ball 3-0: Called Strike 3-1: Fly out, F7 (Flyball, 7LS, EV 86.9 MPH)
|
Bottom of the 2nd over - 0 runs, 0 hits, 0 errors, 0 left on base; University of Michigan 0 - Washington State University 0 |
TOP OF THE 3RD |
University of Michigan Wolverines batting - Pitching for Washington State University Cougars : RHP Adam Kelly
|
Batting: LHB Dave Carlisle
|
0-0: Ball 1-0: Called Strike 1-1: DOUBLE (Groundball, 5D, EV 101.9 MPH)
|
Batting: RHB Juan Zamora
|
0-0: Ball 1-0: Called Strike 1-1: Foul Ball, location: 2F 1-2: Ball 2-2: Ground out U3 (Groundball, 34, EV 88.8 MPH) Dave Carlisle to third
|
Batting: RHB Cesar Martinez
|
0-0: Ball Wild Pitch! Dave Carlisle scores 1-0: Called Strike 1-1: Called Strike 1-2: Fly out, F9 (Flyball, 9, EV 91.3 MPH)
|
Batting: RHB Tim Cordle
|
0-0: Called Strike 0-1: Foul Ball, location: 2F 0-2: Ground out 6-3 (Groundball, 6S, EV 76.3 MPH)
|
Top of the 3rd over - 1 run, 1 hit, 0 errors, 0 left on base; University of Michigan 1 - Washington State University 0 |
BOTTOM OF THE 3RD |
Washington State University Cougars batting - Pitching for University of Michigan Wolverines : LHP Shi-yu Lou
|
Batting: RHB David Martin
|
0-0: Ball 1-0: Foul Ball, location: 2F 1-1: SINGLE (Line Drive, 89M, EV 106.3 MPH)
|
Batting: RHB Ramão Felgueira
|
0-0: Ball 1-0: Foul Ball, location: 2F 1-1: Ball 2-1: Foul Ball, location: 2F 2-2: Ground out 4-3 (Groundball, 4, EV 76.9 MPH) David Martin to second
|
Batting: RHB Johnny Lowe
|
0-0: Ball 1-0: Ball 2-0: Ball 3-0: Called Strike 3-1: SINGLE (Groundball, 6, EV 106.3 MPH) David Martin to third Runner from 3rd tries for Home, SAFE, throw by CF to home
|
Now in LF: Kazuki Arai
|
|
Now in CF: Ryan Criollo
|
|
Batting: RHB Margh Couch
|
0-0: Ball 1-0: Ball 2-0: Ball 3-0: Called Strike 3-1: Fly out, F8 (Flyball, 78M, EV 76.3 MPH)
|
Batting: RHB Nick Deegan
|
0-0: Called Strike 0-1: Foul Ball, location: 2F 0-2: Strikes out swinging
|
Bottom of the 3rd over - 1 run, 2 hits, 0 errors, 1 left on base; University of Michigan 1 - Washington State University 1 |
TOP OF THE 4TH |
University of Michigan Wolverines batting - Pitching for Washington State University Cougars : RHP Adam Kelly
|
Batting: RHB Artyom Shavkunov
|
0-0: Ball 1-0: DOUBLE (Line Drive, 89D, EV 104.4 MPH)
|
Batting: RHB Ryan Criollo
|
0-0: Ball 1-0: Ball 2-0: Fly out, F7 (Flyball, 7LD, EV 95.6 MPH) Runner from 2nd tags up, SAFE at 3rd, no throw by LF
|
Batting: LHB Yasutoshi Hayashi
|
0-0: Swinging Strike 0-1: Ball 1-1: Foul Ball, location: 2F 1-2: Ball 2-2: Ball 3-2: Strikes out swinging
|
Batting: RHB Aaron Barraza
|
0-0: Foul Ball, location: 2F 0-1: DOUBLE (Line Drive, 7LD, EV 107.5 MPH) Artyom Shavkunov scores
|
Batting: RHB Armando Vilano
|
0-0: SINGLE (Line Drive, 8LS, EV 113.1 MPH) Aaron Barraza to third
|
Batting: LHB Dave Carlisle
|
0-0: Ball 1-0: Fly out, F8 (Flyball, 8LXD, EV 97.5 MPH)
|
Top of the 4th over - 1 run, 3 hits, 0 errors, 2 left on base; University of Michigan 2 - Washington State University 1 |
BOTTOM OF THE 4TH |
Washington State University Cougars batting - Pitching for University of Michigan Wolverines : LHP Shi-yu Lou
|
Batting: SHB Salvador Padilla
|
0-0: Called Strike 0-1: SINGLE (Groundball, 15, EV 86.3 MPH) (infield hit)
|
Batting: RHB Gebre-Giorgios Wangondu
|
0-0: Ball 1-0: Called Strike 1-1: Grounds into double play, 4-6-3 (Groundball, 4, EV 103.8 MPH)
|
Batting: RHB Makoto Narita
|
0-0: Ball 1-0: Fly out, F8 (Flyball, 8RS, EV 87.5 MPH)
|
Bottom of the 4th over - 0 runs, 1 hit, 0 errors, 0 left on base; University of Michigan 2 - Washington State University 1 |
TOP OF THE 5TH |
University of Michigan Wolverines batting - Pitching for Washington State University Cougars : RHP Adam Kelly
|
Pitching: RHP Ab van der Peet
|
|
Batting: RHB Juan Zamora
|
0-0: Fly out, F8 (Flyball, 89D, EV 89.4 MPH)
|
Batting: RHB Kazuki Arai
|
0-0: Fly out, F7 (Flyball, 7S, EV 82.5 MPH)
|
Batting: RHB Tim Cordle
|
0-0: Ground out 4-3 (Groundball, 4, EV 85.0 MPH)
|
Top of the 5th over - 0 runs, 0 hits, 0 errors, 0 left on base; University of Michigan 2 - Washington State University 1 |
BOTTOM OF THE 5TH |
Washington State University Cougars batting - Pitching for University of Michigan Wolverines : LHP Shi-yu Lou
|
Pitching: LHP Tomoyuki Date
|
|
Batting: LHB Mike East
|
0-0: Fly out, F7 (Flyball, 7LM, EV 91.9 MPH)
|
Batting: RHB David Martin
|
0-0: Ball 1-0: Foul Ball, location: 2F 1-1: Called Strike 1-2: Fly out, F8 (Flyball, 8RD, EV 104.4 MPH)
|
Batting: RHB Ramão Felgueira
|
0-0: Ball 1-0: Ball 2-0: Ball 3-0: Called Strike 3-1: Foul Ball, location: 2F 3-2: Strikes out swinging, 2-3 out at first.
|
Bottom of the 5th over - 0 runs, 0 hits, 0 errors, 0 left on base; University of Michigan 2 - Washington State University 1 |
TOP OF THE 6TH |
University of Michigan Wolverines batting - Pitching for Washington State University Cougars : RHP Ab van der Peet
|
Batting: RHB Artyom Shavkunov
|
0-0: Ball 1-0: Fly out, F8 (Flyball, 78D, EV 94.4 MPH)
|
Batting: RHB Ryan Criollo
|
0-0: Ball 1-0: Ball 2-0: Fly out, F6 (Popup, 6, EV 59.4 MPH)
|
Batting: LHB Yasutoshi Hayashi
|
0-0: Ground out 1-3 (Groundball, 34S, EV 71.9 MPH)
|
Top of the 6th over - 0 runs, 0 hits, 0 errors, 0 left on base; University of Michigan 2 - Washington State University 1 |
BOTTOM OF THE 6TH |
Washington State University Cougars batting - Pitching for University of Michigan Wolverines : LHP Tomoyuki Date
|
Batting: RHB Johnny Lowe
|
0-0: Ball 1-0: Ball 2-0: Ground out 5-3 (Groundball, 5S, EV 75.6 MPH)
|
Batting: RHB Margh Couch
|
0-0: Swinging Strike 0-1: SINGLE (Groundball, 6MD, EV 101.3 MPH)
|
Batting: RHB Nick Deegan
|
0-0: Called Strike 0-1: Ball 1-1: Fly out, F4 (Flyball, 3D, EV 85.0 MPH)
|
Batting: SHB Salvador Padilla
|
0-0: Ball 1-0: Ball 2-0: Fly out, F8 (Flyball, 8LD, EV 88.8 MPH)
|
Bottom of the 6th over - 0 runs, 1 hit, 0 errors, 1 left on base; University of Michigan 2 - Washington State University 1 |
TOP OF THE 7TH |
University of Michigan Wolverines batting - Pitching for Washington State University Cougars : RHP Ab van der Peet
|
Batting: RHB Aaron Barraza
|
0-0: Called Strike 0-1: Fly out, F8 (Line Drive, 8RM, EV 88.1 MPH)
|
Batting: RHB Armando Vilano
|
0-0: Ball 1-0: Swinging Strike 1-1: Ground out 5-3 (Groundball, 56, EV 101.9 MPH)
|
Batting: LHB Dave Carlisle
|
0-0: Called Strike 0-1: Foul Ball, location: 2F 0-2: Fly out, F8 (Flyball, 8RM, EV 77.5 MPH)
|
Top of the 7th over - 0 runs, 0 hits, 0 errors, 0 left on base; University of Michigan 2 - Washington State University 1 |
BOTTOM OF THE 7TH |
Washington State University Cougars batting - Pitching for University of Michigan Wolverines : LHP Tomoyuki Date
|
Batting: RHB Gebre-Giorgios Wangondu
|
0-0: Ball 1-0: Ball 2-0: Ball 3-0: Called Strike 3-1: Foul Ball, location: 2F 3-2: Base on Balls
|
Batting: RHB Makoto Narita
|
0-0: Grounds into double play, 4-6-3 (Groundball, 4, EV 79.4 MPH)
|
Pinch Hitting: LHB Josh Aerni
|
0-0: Called Strike 0-1: Ball 1-1: Ground out 6-3 (Groundball, 6, EV 82.5 MPH)
|
Bottom of the 7th over - 0 runs, 0 hits, 0 errors, 0 left on base; University of Michigan 2 - Washington State University 1 |
TOP OF THE 8TH |
University of Michigan Wolverines batting - Pitching for Washington State University Cougars : RHP Ab van der Peet
|
Now in RF: Larry Martell
|
|
Batting: RHB Juan Zamora
|
0-0: Swinging Strike 0-1: Foul Ball, location: 2F 0-2: Ball 1-2: Ground out 5-3 (Groundball, 56, EV 106.9 MPH)
|
Batting: RHB Kazuki Arai
|
0-0: Called Strike 0-1: Ball 1-1: Ball 2-1: Ball 3-1: Foul Ball, location: 2F 3-2: DOUBLE (Flyball, 78D, EV 113.8 MPH)
|
Batting: RHB Tim Cordle
|
0-0: Called Strike 0-1: Ball 1-1: Swinging Strike 1-2: SINGLE (Line Drive, 5D, EV 106.9 MPH) Kazuki Arai to third
|
Pitching: RHP Juan Luna
|
|
Pinch Hitting: RHB Chad Bratcher
|
0-0: Foul Ball, location: 2F 0-1: Called Strike 0-2: Ball 1-2: Foul Ball, location: 2F 1-2: Strikes out looking
|
Batting: RHB Ryan Criollo
|
0-0: Ball 1-0: Ball 2-0: Called Strike 2-1: Foul Ball, location: 2F 2-2: Foul Ball, location: 2F 2-2: Foul Ball, location: 2F 2-2: Ground out 3-1 (Groundball, 34S, EV 83.8 MPH)
|
Top of the 8th over - 0 runs, 2 hits, 0 errors, 2 left on base; University of Michigan 2 - Washington State University 1 |
BOTTOM OF THE 8TH |
Washington State University Cougars batting - Pitching for University of Michigan Wolverines : LHP Tomoyuki Date
|
Pitching: LHP Austin Massingham
|
|
Now at C: Greg Reedy
|
|
Batting: RHB David Martin
|
0-0: Foul Ball, location: 2F 0-1: Foul Ball, location: 2F 0-2: Ball 1-2: Foul Ball, location: 2F 1-2: Ball 2-2: Foul Ball, location: 2F 2-2: Ball 3-2: Base on Balls
|
Batting: RHB Ramão Felgueira
|
0-0: Called Strike 0-1: Foul Ball, location: 2F 0-2: Strikes out looking
|
Batting: RHB Johnny Lowe
|
0-0: Ball 1-0: Fly out, F7 (Flyball, 7LS, EV 91.3 MPH)
|
Pinch Hitting: SHB Steve DeRienzo
|
0-0: Foul Ball, location: 2F 0-1: Foul Ball, location: 2F 0-2: Ball 1-2: Ball 2-2: Foul Ball, location: 2F 2-2: Foul Ball, location: 2F 2-2: Ball 3-2: Base on Balls David Martin to second
|
Pinch Runner at 2nd Melvin Durland:
|
|
Batting: RHB Nick Deegan
|
0-0: Called Strike 0-1: Called Strike 0-2: Ball 1-2: SINGLE (Flyball, 8LS, EV 92.5 MPH) Melvin Durland to third Steve DeRienzo to second Runner from 3rd tries for Home, SAFE, throw by CF to home
|
Batting: RHB Alex Arzate
|
0-0: Called Strike 0-1: Ball 1-1: Fly out, F7 (Flyball, 7LS, EV 81.9 MPH)
|
Bottom of the 8th over - 1 run, 1 hit, 0 errors, 2 left on base; University of Michigan 2 - Washington State University 2 |
TOP OF THE 9TH |
University of Michigan Wolverines batting - Pitching for Washington State University Cougars : RHP Juan Luna
|
Now at C: Alex Negrete
|
|
Now in LF: Melvin Durland
|
|
Now in CF: Gebre-Giorgios Wangondu
|
|
Batting: LHB Yasutoshi Hayashi
|
0-0: Ball 1-0: Ball 2-0: Called Strike 2-1: Called Strike 2-2: Strikes out swinging
|
Batting: SHB Corey Penson
|
0-0: Called Strike 0-1: SINGLE (Line Drive, 78S, EV 91.9 MPH)
|
Batting: RHB Armando Vilano
|
0-0: 2-RUN HOME RUN (Flyball, 9LD, EV 95.6 MPH), Distance : 346 ft
|
Batting: LHB Dave Carlisle
|
0-0: Ball 1-0: Ball 2-0: Ball 3-0: Base on Balls
|
Pinch Hitting: RHB Michael Diez
|
0-0: Ball 1-0: Ball 2-0: Fielders Choice at 2nd, 3-6 (Groundball, 34S, EV 91.9 MPH)
|
Batting: RHB Kazuki Arai
|
0-0: Ball 1-0: Swinging Strike 1-1: Swinging Strike 1-2: Ball 2-2: Foul Ball, location: 2F 2-2: Foul Ball, location: 2F 2-2: Foul Ball, location: 2F 2-2: Ball 3-2: Fly out, F3 (Popup, 3S, EV 81.3 MPH)
|
Top of the 9th over - 2 runs, 2 hits, 0 errors, 1 left on base; University of Michigan 4 - Washington State University 2 |
BOTTOM OF THE 9TH |
Washington State University Cougars batting - Pitching for University of Michigan Wolverines : LHP Austin Massingham
|
Pitching: RHP Johnny Hallamore
|
|
Now at 3B: Michael Diez
|
|
Now at SS: Dave Carlisle
|
|
Batting: RHB Gebre-Giorgios Wangondu
|
0-0: Foul Ball, location: 2F 0-1: Swinging Strike 0-2: Strikes out swinging
|
Pinch Hitting: RHB Sam Callahan
|
0-0: Fly out, F9 (Flyball, 9D, EV 108.8 MPH)
|
Batting: RHB Larry Martell
|
0-0: Swinging Strike 0-1: Ball 1-1: Swinging Strike 1-2: Strikes out swinging
|
Bottom of the 9th over - 0 runs, 0 hits, 0 errors, 0 left on base; University of Michigan 4 - Washington State University 2 |
|